 Dungeon Crawl Stone Soup version 0.32-a0-329-ge6c31236d6 (webtiles) character file.

Game seed: 17987320770621785870

86 cforsyth the Magician (level 4, -9/34 HPs)
             Began as a Djinni Fire Elementalist on Feb 16, 2024.
             Blown up by Ijyb (16 damage)
             ... with a mindburst bolt
             ... on level 3 of the Dungeon.
             The game lasted 00:03:54 (1397 turns).

cforsyth the Magician (Djinni Fire Elementalist)    Turns: 1397, Time: 00:03:55

Health: -9/34      AC:  2    Str:  7    XL:     4   Next: 77%
Gold:   47         EV: 12    Int: 18    God:
                   SH:  0    Dex: 14

rFire   + + .        (no weapon)
rCold   x . .        (no shield)
rNeg    . . .        a - +0 robe
rPois   ∞            (no helmet)
rElec   .            (no cloak)
rCorr   .            (no gloves)
SInv    .            (boots unavailable)
Will    .....        (no amulet)
Stlth   ++           (no ring)
HPRegen 0.25/turn    (no ring)
MPRegen 0.00/turn

%: infuse magic (-10 HP)
@: flying
A: sickness immunity, fire resistance 2, cold vulnerability 1, float, innate
caster, HP casting, extra vitality 1
a: no special abilities


You were on level 3 of the Dungeon.
You visited 1 branch of the dungeon, and saw 3 of its levels.

You collected 47 gold pieces.


Innate Abilities, Weirdness & Mutations

You are immune to sickness and miasma.
You are immune to poison.
Your flesh is very heat resistant. (rF++)
You are vulnerable to cold. (rC-)
You float through the air rather than walking.
You learn spells naturally, not from books.
Your magical power is your life essence.
You have superior vitality. (+4 MHP)


   Skills:
 + Level 2.7 Fighting
 - Level 2.1 Dodging
 - Level 1.5 Stealth
 + Level 3.8 Spellcasting
 + Level 3.8 Conjurations
 + Level 3.8 Hexes
 + Level 3.8 Summonings
 + Level 3.8 Necromancy
 + Level 3.8 Translocations
 + Level 3.8 Fire Magic
 + Level 3.8 Ice Magic
 + Level 3.8 Air Magic
 + Level 3.8 Earth Magic
 + Level 3.8 Alchemy


You knew the following spells:

 Your Spells              Type           Power      Damage    Failure   Level
f - Foxfire               Conj/Fire      68%        2x1d7     3%          1
m - Magic Dart            Conj           68%        1d6       3%          1
r - Inner Flame           Hex/Fire       17%        N/A       10%         3
X - Scorch                Fire           34%        2d6       4%          2
Y - Volatile Blastmotes   Fire/Tloc      34%        2d12      10%         3
Z - Flame Wave            Conj/Fire      17%        2d7       30%         4
Your spell library was empty.

Inventory:

Armour
 a - a +0 robe (worn)
 d - a +0 cloak
Scrolls
 f - a scroll of identify {unknown}
 g - 2 scrolls of silence {unknown}
 h - a scroll of poison {unknown}
 i - a scroll of brand weapon {unknown}
 j - 3 scrolls of vulnerability {unknown}
Potions
 b - 2 potions of degeneration {unknown}
 c - a potion of curing {unknown}
 e - a potion of resistance {unknown}

Dungeon Overview and Level Annotations

Branches:
Dungeon (3/15)

Altars:

Annotations:
D:3 Ijyb

...## #.#.... ##..#
###..#...
###.########...#...## #
....................#.#
###...###.....##..... .
###..........#...# ...
#####....#.#)..#....
#..#.#..gg......
#.##....@.......
##########...... ...S.
.▒▒' ▒


You could see Ijyb, an adder and a hobgoblin (combustible).


Message History

Ijyb zaps a wand.
Your mind is blasted!
Ouch! That really hurt!
* * * LOW HITPOINT WARNING * * *
You are too injured to fight recklessly!
You are too injured to fight recklessly!
Unknown command.
Unknown command.
Unknown command.
Casting: Foxfire (safe; 3% risk of failure)
Confirm with . or Enter, or press ? or * to list all spells.
Flames lash the kobold.
You kill the kobold!
* * * LOW HITPOINT WARNING * * *
You hear an angry hiss.
The foxfire hits Ijyb but does no damage.
Ijyb is severely wounded.
The foxfire hits Ijyb but does no damage.
Ijyb is severely wounded.
Ijyb barely misses you.
Unknown command.
Casting: Scorch (safe; 4% risk of failure)
Confirm with . or Enter, or press ? or * to list all spells.
Flames lash the hobgoblin.
The hobgoblin is almost dead.
The hobgoblin's fire resistance burns away.
* * * LOW HITPOINT WARNING * * *
An adder comes into view.
Ijyb zaps a wand.
Your mind is blasted!
You die...
Ijyb screams, "Time for next experiment!"

Skill      XL: |  1  2  3 |
---------------+----------+-----
Fighting       | 1 2 |  2.7
Dodging        | |  2.1
Stealth        | |  1.5
Spellcasting   | |  3.8
Conjurations   | |  3.8
Hexes          | |  3.8
Summonings     | |  3.8
Necromancy     | |  3.8
Translocations | |  3.8
Fire Magic     | |  3.8
Ice Magic      | |  3.8
Air Magic      | |  3.8
Earth Magic    | |  3.8
Alchemy        | |  3.8

Action                     |  1- 3 |  4- 6 || total
---------------------------+-------+-------++-------
  Melee: Unarmed           |    16 |     1 ||    17
   Cast: Foxfire           |    66 |    44 ||   110
         Scorch            |       |     2 ||     2
 Armour: Robe              |    19 |       ||    19
  Dodge: Dodged            |    17 |     6 ||    23

Levels and vault maps discovered:
D:1:      kennysheep_arrival_forest, layout_basic
D:2:      layout_basic
D:3:      layout_rooms, regret_index_xom_buried_treasure, uniq_ijyb

Notes
Turn   | Place    | Note
-------+----------+-------------------------------------------
     0 | D:1      | cforsyth the Djinni Fire Elementalist began the quest for
                  | the Orb.
     0 | D:1      | cforsyth set off with the following spells memorised:
                  | Foxfire, Scorch, Volatile Blastmotes, Inner Flame, Flame
                  | Wave.
     0 | D:1      | Reached XP level 1. HP: 15/15 MP: 0/0
    92 | D:1      | Reached skill level 1 in Fighting
    92 | D:1      | Reached XP level 2. HP: 18/22 MP: 0/0
   229 | D:1      | Reached XP level 3. HP: 24/27 MP: 0/0
   229 | D:1      | Learned a level 1 spell: Magic Dart
   269 | D:1      | You are sucked into a shaft and drop 1 floor!
   442 | D:2      | Reached skill level 2 in Fighting
   580 | D:2      | Reached XP level 4. HP: 26/33 MP: 0/0
  1388 | D:3      | Noticed Ijyb
  1397 | D:3      | Blown up by Ijyb

Vanquished Creatures
  2 adders
  2 ribbon worms
  2 dart slugs
  4 ball pythons
  7 bats
  An endoplasm (D:2)
  3 giant cockroaches
  4 goblins
  2 hobgoblins
  3 frilled lizards
  2 kobolds
  3 rats (D:2)
35 creatures vanquished.

Vanquished Creatures (others)
  77 foxfires
77 creatures vanquished.

Grand Total: 112 creatures vanquished

Table legend: (Time is in decaauts)
 A = Elapsed time spent in this place.
 B = Non-inter-level travel time spent in this place.
 C = Inter-level travel time spent in this place.
 D = Time resting spent in this place.
 E = Time spent auto-exploring this place.
 F = Levels seen in this place.
 G = Mean time per level.
                   A        B        C        D        E       F      G
               +--------+--------+--------+--------+--------+-----+--------+
         Total |   1396 |   1381 |     15 |      0 |   1110 |   3 |  465.3 |
       Dungeon |   1396 |   1381 |     15 |      0 |   1110 |   3 |  465.3 |
               +--------+--------+--------+--------+--------+-----+--------+

Top non-repeatable levels by time:
     D:2: 979 daAuts
     D:1: 269 daAuts
     D:3: 147 daAuts

Table legend:
 A = Non-vault XP
 B = Vault XP
 C = Vault XP percentage of total XP
 D = Non-vault monster count
 E = Vault monster count
 F = Vault count percentage of total count
                 A         B        C        D         E       F
            +---------+---------+-------+---------+---------+-------
      Total |     123 |       0 |   0.0 |      35 |       0 |   0.0
            +---------+---------+-------+---------+---------+-------
        D:1 |      34 |       0 |   0.0 |      12 |       0 |   0.0
        D:2 |      62 |       0 |   0.0 |      18 |       0 |   0.0
        D:3 |      27 |       0 |   0.0 |       5 |       0 |   0.0
            +---------+---------+-------+---------+---------+-------
